 Dungeon Crawl Stone Soup version 0.31-a0-210-gccc998df9b (webtiles) character file.

Game seed: 14331455444116197006

361 qw the Shooter (level 6, 0/52 HPs)
             Began as a Minotaur Hexslinger on June 30, 2023.
             Slain by an orc wizard
             ... wielding a +0 dagger
              (4 damage)
             ... on level 3 of the Dungeon.
             The game lasted 00:00:47 (1985 turns).

qw the Shooter (Minotaur Hexslinger)                Turns: 1985, Time: 00:00:48

Health: 0/52       AC:  5    Str: 13    XL:     6   Next: 38%
Magic:  6/6        EV: 11    Int: 10    God:
Gold:   31         SH:  0    Dex: 14    Spells: 6/7 levels left

rFire   . . .        Y - +2 sling
rCold   + . .        (no shield)
rNeg    . . .        b - +0 ring mail
rPois   .            (helmet restricted)
rElec   .            (no cloak)
rCorr   .            (no gloves)
SInv    .            (no boots)
Will    .....        (no amulet)
Stlth   +            k - ring of protection from cold
HPRegen 0.28/turn    (no ring)
MPRegen 0.10/turn

%: no passive effects
@: about to teleport
A: horns 2, retaliatory headbutt
a: no special abilities


You were on level 3 of the Dungeon.
You visited 1 branch of the dungeon, and saw 3 of its levels.

You collected 165 gold pieces.
You spent 134 gold pieces at shops.


Innate Abilities, Weirdness & Mutations

You have a pair of horns on your head.
You reflexively headbutt those who attack you in melee.


   Skills:
 + Level 3.9 Fighting
 - Level 6.4 Ranged Weapons
 - Level 1.4 Armour
 - Level 2.1 Dodging
 - Level 1.0 Spellcasting
 - Level 2.0 Hexes


You had 6 spell levels left.
You knew the following spells:

 Your Spells              Type           Power      Damage    Failure   Level
a - Slow                  Hex            16%        N/A       32%         1

Your spell library contained the following spells:

 Spells                   Type           Power      Damage    Failure   Level
 Inner Flame              Hex/Fire       2%         N/A       82%         3
 Portal Projectile        Hex/Tloc       4%         N/A       82%         3
 Cause Fear               Hex            2%         N/A       97%         4

Inventory:

Hand Weapons
 Y - a +2 sling (weapon)
Armour
 b - a +0 ring mail (worn)
Jewellery
 k - a ring of protection from cold (left hand)
Scrolls
 d - 2 scrolls of identify {unknown}
Potions
 c - a potion of curing
 e - a potion of lignification {unknown}
 f - a potion of degeneration {unknown}
 h - a potion of attraction {unknown}

Dungeon Overview and Level Annotations

Branches:
Dungeon (3/15)

Altars:
Zin

Shops:
D:1 *


Message History

The gnoll hits you from afar with a +0 spear.
The gnoll barely misses you. The orc completely misses you.
You shoot a sling bullet.
The sling bullet closely misses the orc.
The gnoll barely misses you. The gnoll misses you. The orc closely misses you.
You shoot a sling bullet.
The sling bullet barely misses the orc. x2
The gnoll barely misses you. The gnoll hits you but does no damage.
You shoot a sling bullet.
The sling bullet hits the orc but does no damage.
The gnoll closely misses you. The gnoll barely misses you.
The orc barely misses you. The orc hits you with a +0 hand axe.
The gnoll hits you but does no damage. The gnoll misses you.
You shoot a sling bullet. The sling bullet hits the orc.
The orc is heavily wounded.
The gnoll barely misses you. The orc hits you with a +0 short sword.
Something hits you but does no damage. The gnoll barely misses you.
The orc barely misses you.
You shoot a sling bullet. The sling bullet hits the orc!
You kill the orc!
Something hits you.
The gnoll hits you from afar with a +0 spear!
The orc closely misses you. The gnoll misses you.
You shoot a sling bullet. The sling bullet hits the gnoll.
The gnoll is moderately wounded.
The gnoll closely misses you. Something hits you.
The gnoll hits you from afar with a +0 spear.
The orc barely misses you. You furiously retaliate!
You headbutt the orc. The gnoll barely misses you.
1984 ||| READING scroll of teleportation.
As you read the scroll of teleportation, it crumbles to dust.
You feel strangely unstable. The gnoll barely misses you.
The gnoll hits you but does no damage. The orc closely misses you.
Something hits you. The gnoll hits you but does no damage.
You shoot a sling bullet.
The sling bullet hits the orc but does no damage.
The orc is heavily wounded.
The gnoll hits you with a +0 whip. The gnoll closely misses you.
The orc closely misses you. Something hits you.
You die...

#.##}##.# ... ..
##..#_#..# ..~ .
#.......## ..~ยค
.####.)......# .
.$.#..##....\...#
.....#..##.......##
....#.gg###.....##
..##..go##...####
#...o.@##.###
####.##...# #.##.###
#.##.# #....# . #..###
.########## #..#
...#.....# #..# #..#.#
#.####..##############


You could see 3 gnolls and 2 orcs.

Vanquished Creatures
  Sigmund (D:2)
  A phantom (D:3)
  A hound (D:3)
  3 adders (D:2)
  A dart slug (D:2)
  2 orcs (D:3)
  10 ball pythons
  6 endoplasms
  A giant cockroach (D:1)
  4 hobgoblins
  4 jackals (D:2)
  3 kobolds (D:1)
  4 quokkas
  5 bats (D:1)
  A frilled lizard (D:3)
  7 goblins
  3 rats
57 creatures vanquished.

Notes
Turn   | Place    | Note
-------+----------+-------------------------------------------
     0 | D:1      | qw the Minotaur Hexslinger began the quest for the Orb.
     0 | D:1      | Reached XP level 1. HP: 16/16 MP: 1/1
     0 | D:1      | 0 ||| qw: Version: 0.3-a-24-ga2abf7b
     0 | D:1      | 0 ||| qw: Game counter: 7076
     0 | D:1      | 0 ||| qw: Melee chars always use a shield: true
     0 | D:1      | 0 ||| qw: God list: Okawaru
     0 | D:1      | 0 ||| qw: Allow faded altars: false
     0 | D:1      | 0 ||| qw: Do Orc after clearing Dungeon:15 true
     0 | D:1      | 0 ||| qw: Do second Lair branch before Depths: true
     0 | D:1      | 0 ||| qw: Lair rune preference: random
     0 | D:1      | 0 ||| qw: Goals: Normal
     0 | D:1      | 0 ||| PLANNING D:1-11
   202 | D:1      | Reached skill level 3 in Ranged Weapons
   248 | D:1      | Reached XP level 2. HP: 23/23 MP: 2/2
   719 | D:1      | Found Xeps's General Store.
   720 | D:1      | You fall into a shaft and drop 1 floor!
   724 | D:2      | 724 ||| UPGRADING to +0 leather armour.
   734 | D:2      | 734 ||| DROPPING +0 robe.
   735 | D:2      | 735 ||| UPGRADING to ring of protection from cold.
   736 | D:2      | 736 ||| READING 2 scrolls labelled VIOXTO LAAHOU.
   765 | D:2      | Reached XP level 3. HP: 19/29 MP: 3/3
   828 | D:2      | 828 ||| READING scroll labelled ECZIVVOALO.
   829 | D:2      | 829 ||| READING scroll labelled VYRUBIGEIRGH.
   830 | D:2      | 830 ||| READING scroll labelled BOURUE EPHUALU.
   831 | D:2      | 831 ||| READING scroll labelled TUSE MOMASICLU.
   832 | D:2      | 832 ||| DROPPING scroll of poison.
   834 | D:2      | 834 ||| FLEEEEING.
   837 | D:2      | 837 ||| Stepping ~*~*~tactically~*~*~ (outnumbered).
   851 | D:2      | Reached skill level 4 in Ranged Weapons
   983 | D:1      | 983 ||| BUYING +0 ring mail (44 gold).
   983 | D:1      | Bought a +0 ring mail for 44 gold pieces
   983 | D:1      | 983 ||| SHOPLISTING +1 pair of boots (126 gold, have 20).
   983 | D:1      | 983 ||| SHOPLISTING potion of curing (33 gold, have 20).
   983 | D:1      | 983 ||| SHOPLISTING potion of mutation (88 gold, have 20).
  1009 | D:1      | 1009 ||| UPGRADING to +0 ring mail.
  1019 | D:1      | 1019 ||| DROPPING +0 leather armour.
  1046 | D:2      | 1046 ||| STAIRDANCE
  1164 | D:2      | Reached skill level 1 in Armour
  1228 | D:2      | Reached XP level 4. HP: 35/36 MP: 4/4
  1297 | D:2      | Noticed Sigmund
  1316 | D:2      | HP: 3/36 [something/puff of flame (11)]
  1317 | D:2      | Killed Sigmund
  1318 | D:2      | Reached skill level 6 in Ranged Weapons
  1318 | D:2      | Reached XP level 5. HP: 4/41 MP: 5/5
  1568 | D:2      | 1568 ||| DRINKING 2 golden potions.
  1705 | D:3      | Reached XP level 6. HP: 37/50 MP: 6/6
  1789 | D:3      | Reached skill level 3 in Fighting
  1948 | D:3      | Found Zin's Purification Station.
  1955 | D:3      | Found a glowing silver altar of Zin.
  1960 | D:3      | 1960 ||| BUYING potion of curing (90 gold).
  1960 | D:3      | Bought a potion of curing for 90 gold pieces
  1972 | D:3      | 1972 ||| DRINKING 2 potions of curing.
  1972 | D:3      | 1972 ||| (to cure confusion)
  1983 | D:3      | HP: 9/52 [gnoll/+0 spear (5)]
  1984 | D:3      | 1984 ||| READING scroll of teleportation.
  1985 | D:3      | HP: 4/52 [gnoll/+0 whip (4)]
  1985 | D:3      | Slain by an orc wizard

Levels and vault maps discovered:
D:1:      psy_arrival_dodecagon, layout_loops_corners, serial_forest,
          infiniplex_forest_lined_corner, infiniplex_forest_clump_small,
          infiniplex_forest_clump_curved, infiniplex_forest_clump_curved,
          infiniplex_forest_zigzag_2, serial_shops,
          nicolae_shop_pleasant_corner_grove
D:2:      layout_rooms, uniq_sigmund
D:3:      layout_basic, nicolae_wu_jian_wuxing_cycle, zin_purify

Skill      XL: |  1  2  3  4  5  6 |
---------------+-------------------+-----
Ranged Weapons | 3 4 6 |  6.4
Fighting       | 2 3 |  3.9
Armour         | 1 |  1.4
Dodging        | |  2.1
Spellcasting   | |  1.0
Hexes          | |  2.0

Action                     |  1- 3 |  4- 6 || total
---------------------------+-------+-------++-------
   Fire: Sling             |   116 |    83 ||   199
    Use: Scroll            |     5 |     1 ||     6
         Potion            |       |     2 ||     2
 Armour: Robe              |     3 |       ||     3
         Leather armour    |     6 |       ||     6
         Ring mail         |     9 |    21 ||    30
  Dodge: Dodged            |    64 |    48 ||   112

Table legend:
 A = Non-vault XP
 B = Vault XP
 C = Vault XP percentage of total XP
 D = Non-vault monster count
 E = Vault monster count
 F = Vault count percentage of total count
                 A         B        C        D         E       F
            +---------+---------+-------+---------+---------+-------
      Total |     277 |     239 |  46.3 |      56 |       1 |   1.8
            +---------+---------+-------+---------+---------+-------
        D:1 |      32 |       0 |   0.0 |      21 |       0 |   0.0
        D:2 |      79 |     239 |  75.2 |      24 |       1 |   4.0
        D:3 |     166 |       0 |   0.0 |      11 |       0 |   0.0
            +---------+---------+-------+---------+---------+-------
